Map: Lerilak Crest

Players

Womec - Winner!

  • Race: Terran Terran
  • League: Platinum

Diana

  • Race: Protoss Protoss
  • League: Platinum

VOD

Have the link to the VOD?

Description

Mines and Tanks

Time

  • Played on: Oct. 30, 2015, 10:36 p.m.
  • Length: 16:16
Show
View Real Time Build Order
Export as new Build Order

Womec Terran - Winner!

Build Orders: Cyclone Opening, Mech 

Get SALT Encoding   

  12  0:00  SCV  
  13  0:12  SCV  
  14  0:18  Supply Depot  
  14  0:25  SCV  
  14  0:28  Refinery  
  15  0:40  SCV  
  16  0:47  Barracks  
  16  0:52  SCV  
  18  1:04  SCV  
  18  1:16  SCV  
  19  1:29  SCV  
  20  1:35  Marine  
  20  1:36  Factory  
  21  1:41  Orbital Command  
  21  1:49  Supply Depot  
  21  1:53  Barracks Tech Lab  
  21  2:06  SCV  
  22  2:21  Command Center  
  22  2:28  SCV  
  23  2:31  Refinery  
  23  2:34  Cyclone  
  26  2:37  Marine  
  26  2:42  SCV  
  28  2:46  Supply Depot  
  28  2:54  SCV  
  28  2:57  Marine  
  30  3:06  SCV  
  31  3:24  Barracks Reactor  
  31  3:25  Siege Tank  
  34  3:32  SCV  
  34  3:33  Engineering Bay  
  35  3:52  Orbital Command  
  35  3:55  Command Center  
  35  3:57  Siege Tank  
  38  4:05  Missile Turret  
  38  4:15  Orbital Command  
  38  4:16  Marine x2  
  40  4:17  Missile Turret  
  40  4:30  SCV  
  41  4:33  Refinery  
  41  4:36  Supply Depot, Refinery  
  41  4:37  Bunker  
  41  4:38  Supply Depot  
  41  4:41  SCV  
  41  4:43  SCV  
  43  4:53  SCV  
  43  4:55  Marine x2  
  43  4:56  Siege Tank  
  43  4:57  SCV  
  50  5:05  SCV  
  51  5:09  SCV  
  51  5:12  Orbital Command  
  52  5:17  SCV, Factory  
  52  5:21  SCV  
  54  5:29  SCV  
  54  5:31  Barracks Reactor  
  54  5:33  Armory  
  55  5:37  SCV  
  55  5:38  SCV  
  57  5:45  Siege Tank  
  57  5:46  SCV  
  62  5:50  SCV  
  62  5:55  SCV  
  63  5:58  SCV  
  63  6:01  Widow Mine x2  
  63  6:03  Supply Depot  
  68  6:04  Missile Turret  
  68  6:05  SCV  
  68  6:13  Factory  
  68  6:15  SCV  
  68  6:16  SCV  
  70  6:19  Siege Tank  
  70  6:20  Supply Depot  
  70  6:21  Supply Depot  
  73  6:30  Widow Mine x2  
  77  6:34  Drilling Claws  
  77  6:36  Terran Vehicle And Ship Armor Level 1  
  77  6:37  SCV x2  
  77  6:38  SCV  
  80  6:52  Factory  
  80  6:53  SCV x2  
  80  6:54  SCV  
  83  6:55  Factory  
  83  6:59  Widow Mine x2  
  83  7:00  Widow Mine  
  83  7:01  Widow Mine  
  88  7:02  Siege Tank  
  88  7:07  Missile Turret  
  93  7:09  SCV x2  
  93  7:12  Missile Turret  
  95  7:17  Orbital Command  
  95  7:23  Supply Depot  
  95  7:24  Supply Depot  
  95  7:28  Widow Mine  
  97  7:34  Siege Tank  
  100  7:38  Widow Mine x2  
  100  7:42  Factory Tech Lab x2  
  104  7:51  Supply Depot, Missile Turret  
  104  7:56  Widow Mine  
  106  7:58  Refinery  
  106  8:01  SCV x3, Refinery, Missile Turret  
  106  8:04  Missile Turret x2  
  109  8:06  Siege Tank  
  109  8:12  Siege Tank, Widow Mine  
  115  8:13  SCV, Widow Mine  
  118  8:24  Missile Turret  
  118  8:26  Widow Mine x2  
  122  8:27  Siege Tank  
  122  8:31  Missile Turret  
  125  8:34  SCV  
  125  8:35  SCV, Missile Turret  
  125  8:37  Supply Depot  
  127  8:43  Widow Mine x3  
  127  8:45  Missile Turret  
  127  8:47  Terran Vehicle Weapons Level 1  
  133  8:52  Supply Depot  
  133  8:54  Supply Depot  
  133  8:58  Widow Mine  
  133  9:01  Widow Mine  
  133  9:02  Widow Mine  
  139  9:09  Siege Tank  
  139  9:14  Siege Tank  
  139  9:15  Missile Turret  
  132  9:25  Widow Mine x2  
  132  9:27  Siege Tank  
  117  9:33  Widow Mine x2  
  103  9:42  Siege Tank  
  100  9:45  Widow Mine  
  86  9:54  Command Center, Widow Mine x2  
  86  9:59  Siege Tank  
  91  10:02  Widow Mine x2  
  95  10:07  Supply Depot  
  95  10:08  Supply Depot  
  95  10:14  Siege Tank, Widow Mine  
  100  10:22  Widow Mine x2  
  104  10:30  Widow Mine  
  104  10:31  Siege Tank, Widow Mine  
  111  10:38  Factory  
  111  10:41  Terran Vehicle Weapons Level 2, Factory  
  111  10:42  Factory  
  111  10:43  Siege Tank  
  111  10:46  Siege Tank  
  117  10:51  Widow Mine x2  
  121  10:57  Supply Depot  
  121  10:58  Supply Depot x2  
  121  10:59  Widow Mine x2  
  121  11:03  Siege Tank  
  128  11:07  Missile Turret  
  128  11:15  Siege Tank  
  128  11:17  Widow Mine  
  133  11:19  Widow Mine  
  133  11:20  Hellion  
  129  11:28  Hellion x2  
  129  11:30  Widow Mine x2  
  108  11:36  Widow Mine x2  
  106  11:41  Widow Mine  
  106  11:46  Widow Mine  
  108  11:47  Widow Mine  
  108  11:48  Widow Mine  
  108  11:52  Widow Mine x2  
  114  11:59  Widow Mine x2  
  118  12:05  Siege Tank  
  115  12:17  Widow Mine x5  
  115  12:20  Widow Mine x2  
  129  12:27  Widow Mine x2  
  131  12:36  Widow Mine  
  131  12:39  Refinery, Missile Turret  
  131  12:40  Refinery  
  131  12:41  Missile Turret  
  131  12:42  Missile Turret  
  129  12:45  Widow Mine x3  
  129  12:46  Siege Tank x2  
  129  12:49  Widow Mine  
  141  13:01  Widow Mine x2  
  145  13:06  Siege Tank  
  130  13:16  Widow Mine x2  
  130  13:17  Widow Mine x3  
  130  13:18  Siege Tank x2  
  126  13:29  Widow Mine  
  126  13:30  Widow Mine  
  130  13:38  Siege Tank  
  133  13:42  Planetary Fortress  
  133  13:45  Widow Mine x2  
  137  13:50  Siege Tank x2  
  143  14:00  Widow Mine x5  
  151  14:10  Siege Tank  
  151  14:13  Widow Mine  
  151  14:14  Widow Mine  
  158  14:22  Siege Tank x2  
  164  14:29  Widow Mine x4  
  170  14:42  Hellion, Siege Tank  
  170  14:43  Hellion x2  
  170  14:44  Missile Turret, Infernal Pre-Igniter  
  179  14:54  Siege Tank x2  
  179  14:58  Hellion x4  
  193  15:03  Hellion  
  180  15:14  Siege Tank  
  180  15:18  Widow Mine x3  
  180  15:19  Widow Mine x2  
  180  15:20  Hellion  
  191  15:25  Hellion  
  191  15:26  Siege Tank  
  196  15:33  Siege Tank  
  187  15:45  Widow Mine x3  
  187  15:46  Widow Mine x2  
  187  15:48  Hellion  
Show
View Real Time Build Order
Export as new Build Order

Diana Protoss 

Build Orders: 1 Gate Expand 

Get SALT Encoding   

  12  0:00  Probe (Chrono Boost)  
  13  0:14  Pylon  
  13  0:17  Probe (Chrono Boost)  
  14  0:27  Probe (Chrono Boost)  
  15  0:38  Gateway, Probe (Chrono Boost)  
  16  0:46  Assimilator  
  17  0:50  Probe (Chrono Boost)  
  17  1:00  Probe (Chrono Boost)  
  18  1:11  Probe (Chrono Boost)  
  19  1:26  Nexus  
  19  1:27  Probe (Chrono Boost)  
  20  1:39  Cybernetics Core  
  20  1:45  Assimilator  
  20  1:47  Probe (Chrono Boost)  
  21  1:56  Pylon  
  21  1:58  Probe (Chrono Boost)  
  22  2:10  Probe (Chrono Boost)  
  23  2:16  Adept, Warp Gate (Chrono Boost)  
  23  2:21  Mothership Core (Chrono Boost)  
  27  2:38  Probe (Chrono Boost)  
  27  2:39  Probe (Chrono Boost)  
  27  2:40  Robotics Facility  
  29  2:47  Probe (Chrono Boost)  
  29  2:50  Probe  
  31  2:57  Probe  
  31  2:59  Pylon  
  31  3:02  Probe  
  31  3:05  Stalker  
  35  3:09  Probe  
  35  3:21  Probe  
  35  3:23  Probe  
  35  3:26  Twilight Council  
  37  3:28  Pylon  
  37  3:35  Stalker, Probe  
  37  3:37  Observer  
  41  3:43  Probe  
  41  3:48  Probe  
  43  3:54  Probe  
  43  3:57  Pylon  
  43  4:00  Probe  
  43  4:02  Gateway, Observer (Chrono Boost)  
  46  4:03  Gateway  
  46  4:06  Probe  
  47  4:11  Assimilator  
  47  4:12  Probe  
  47  4:16  Probe  
  48  4:19  Assimilator  
  48  4:20  Observer (Chrono Boost)  
  51  4:24  Probe  
  51  4:26  Forge  
  51  4:27  Sentry  
  51  4:30  Probe  
  53  4:36  Probe  
  55  4:39  Observer (Chrono Boost)  
  55  4:43  Blink (Chrono Boost)  
  55  4:45  Probe  
  56  4:48  Probe  
  58  4:56  Probe  
  59  5:00  Probe  
  59  5:06  Observer  
  60  5:10  Zealot x3  
  60  5:13  Probe  
  66  5:14  Probe  
  68  5:26  Nexus  
  68  5:29  Protoss Ground Weapons Level 1 (Chrono Boost)  
  68  5:31  Adept  
  70  5:35  Pylon  
  70  5:40  Pylon  
  70  5:48  Pylon  
  70  5:52  Pylon  
  70  5:56  Pylon  
  68  6:03  Probe x2  
  70  6:04  Adept  
  70  6:05  Adept x2  
  76  6:12  Observer  
  76  6:15  Probe x2  
  76  6:16  Robotics Bay  
  79  6:18  Pylon  
  79  6:23  Gateway  
  79  6:24  Gateway  
  79  6:28  Gateway  
  79  6:31  Gateway x2  
  79  6:37  Stalker x2  
  79  6:38  Stalker  
  85  6:54  Probe  
  85  6:55  Probe x2  
  88  7:04  Sentry, Protoss Ground Weapons Level 2 (Chrono Boost)  
  88  7:07  Probe  
  91  7:12  Probe  
  91  7:13  Probe  
  91  7:15  Resonating Glaives  
  93  7:19  Immortal  
  97  7:28  Stalker x5  
  97  7:29  Stalker  
  109  7:30  Probe  
  109  7:32  Probe x2  
  109  7:35  Assimilator  
  109  7:36  Photon Cannon  
  112  7:38  Photon Cannon  
  112  7:41  Assimilator  
  112  7:49  Pylon  
  112  7:52  Probe  
  112  7:53  Probe x2  
  112  7:54  Robotics Facility  
  112  7:56  Zealot x3  
  121  8:02  Immortal (Chrono Boost)  
  125  8:09  Probe  
  125  8:10  Probe  
  125  8:11  Probe  
  128  8:24  Zealot x3  
  128  8:25  Zealot x3  
  140  8:42  Pylon  
  140  8:43  Pylon  
  140  8:46  Pylon  
  140  8:47  Pylon  
  140  8:53  Gateway  
  140  8:56  Charge  
  140  9:01  Immortal (Chrono Boost)  
  148  9:03  Adept x5  
  148  9:04  Adept x2  
  148  9:06  Immortal (Chrono Boost)  
  112  9:32  Zealot x2  
  112  9:33  Zealot x3  
  112  9:34  Zealot x3  
  98  9:49  Probe  
  98  9:50  Probe x2  
  97  9:54  Nexus  
  97  9:57  Immortal (Chrono Boost)  
  97  9:58  Pylon  
  105  10:00  Adept x4  
  105  10:01  Adept  
  105  10:05  Immortal (Chrono Boost), Protoss Ground Weapons Level 3  
  115  10:21  Pylon  
  115  10:22  Adept  
  115  10:23  Adept x4  
  115  10:24  Adept x3  
  131  10:35  Pylon  
  131  10:36  Gateway  
  131  10:38  Gateway  
  131  10:39  Probe  
  131  10:40  Probe  
  131  10:41  Probe  
  134  10:47  Pylon  
  136  10:52  Warp Prism (Chrono Boost)  
  136  10:54  Immortal (Chrono Boost)  
  140  11:03  Stalker x2  
  140  11:04  Stalker  
  146  11:07  Stalker  
  148  11:12  Stalker  
  148  11:13  Stalker  
  152  11:21  Pylon  
  127  11:31  Immortal (Chrono Boost)  
  113  11:36  Immortal (Chrono Boost)  
  107  12:05  Immortal (Chrono Boost)  
  107  12:06  Probe  
  107  12:07  Probe x2  
  107  12:08  Probe  
  103  12:15  Immortal (Chrono Boost)  
  103  12:16  Probe  
  103  12:19  Stalker x5, Probe  
  103  12:20  Stalker  
  117  12:25  Probe  
  117  12:26  Probe  
  117  12:27  Probe  
  117  12:28  Protoss Ground Armor Level 1  
  119  12:34  Probe  
  119  12:35  Probe  
  121  12:37  Probe  
  121  12:38  Probe, Warp Prism (Chrono Boost)  
  121  12:44  Zealot x4  
  99  13:12  Stalker x2  
  99  13:13  Stalker x6  
  97  13:29  Probe, Observer (Chrono Boost)  
  97  13:30  Probe x3  
  97  13:32  Observer (Chrono Boost)  
  101  13:35  Assimilator  
  101  13:36  Assimilator  
  101  13:41  Templar Archives  
  101  13:42  Probe  
  101  13:45  Adept x6  
  114  13:54  Observer (Chrono Boost)  
  110  13:57  Observer (Chrono Boost)  
  110  13:58  Probe x2  
  110  13:59  Probe  
  110  14:00  Probe  
  112  14:06  Photon Cannon  
  112  14:08  Photon Cannon  
  112  14:12  Probe  
  112  14:13  Probe x2  
  104  14:22  High Templar x2  
  104  14:23  High Templar x7  
  122  14:24  High Templar  
  122  14:26  Archon  
  122  14:27  Archon x3  
  122  14:28  Archon  
  124  14:33  Observer (Chrono Boost)  
  124  14:35  Probe, Observer (Chrono Boost)  
  124  14:36  Probe x2  
  127  15:20  High Templar x2  
  127  15:21  High Templar x7  
  105  15:22  High Templar  
  105  15:24  Archon  
  105  15:25  Archon x4  
  113  15:29  Probe  
  113  15:30  Probe x2  
  108  15:55  Adept  
  108  15:56  Adept x6  
  120  15:57  Adept x3  
Tags
 
Add a new tag
Caveats
  • Supply blocks, unpowered buildings, or Contaminate may cause inaccurate times.
  • Supply counts are checked every 10 seconds.